 Dungeon Crawl Stone Soup version 0.17.0-26-gececa24 (webtiles) character file.

3213 kosy22 the Ducker (level 9, -4/88 HPs)
             Began as a Troll Fighter on Nov 20, 2015.
             Was a Believer of Nemelex Xobeh.
             Slain by a killer bee (10 damage)
             ... on level 7 of the Dungeon.
             The game lasted 00:19:24 (5842 turns).

kosy22 the Ducker (Troll Fighter)                   Turns: 5842, Time: 00:19:35

Health: -4/88      AC:  6    Str: 29    XL:     9   Next: 65%
Magic:  8/8        EV: 11    Int:  4    God:    Nemelex Xobeh [**....]
Gold:   489        SH: 10    Dex:  9    Spells: 0 memorised, 8 levels left

rFire  . . .     SeeInvis .       - Unarmed
rCold  + . .     Clarity  .     a - +0 robe
rNeg   . . .     SustAt   .     b - +0 shield
rPois  .         Gourm    +     (helmet restricted)
rElec  +         Spirit   .     (no cloak)
rCorr  .         Warding  .     (gloves unavailable)
rMut   .         Stasis   .     (boots unavailable)
MR     .....                    p - amulet of regeneration
Stlth  +.........               x - ring of protection from cold
                                f - +1 ring of protection

@: lethally poisoned (-4 -> -5), aura of abjuration, not resistant to hostile
enchantments, very unstealthy
A: unfitting armour, claws 3, breathe flames 1, fast metabolism 3, gourmand,
regeneration 2, shaggy fur 1, electricity resistance, tough skin 2, wild magic 1
a: Renounce Religion, Breathe Fire


You were on level 7 of the Dungeon.
You worshipped Nemelex Xobeh.
Nemelex Xobeh was pleased with you.
You were very full.

You visited 2 branches of the dungeon, and saw 8 of its levels.

You collected 489 gold pieces.

Inventory:

Hand Weapons
 B - a +1 flail of crushing
Armour
 a - a +0 robe (worn)
 b - a +0 shield (worn)
Jewellery
 f - a +1 ring of protection (left claw)
 p - an amulet of regeneration (around neck)
 x - a ring of protection from cold (right claw)
 G - an uncursed ring of fire
 K - an uncursed ring of sustain attributes {unknown}
Wands
 y - a wand of disintegration (12)
 A - a wand of enslavement (0)
 D - a wand of slowing (32)
 I - a wand of frost (24)
Scrolls
 e - 5 scrolls of remove curse
 g - 3 scrolls of identify
 h - 2 scrolls of fear {unknown}
 k - 2 scrolls of immolation {unknown}
 l - 2 scrolls of recharging {unknown}
 n - a scroll of enchant weapon {unknown}
 o - a scroll of teleportation {unknown}
 q - 2 scrolls of blinking {unknown}
 C - a scroll of fog {unknown}
 E - a scroll of noise {unknown}
 H - a scroll of magic mapping {unknown}
Potions
 c - a potion of might
 i - a potion of mutation
 j - 3 potions of agility {unknown}
 m - 2 potions of curing
 r - a potion of haste {unknown}
 t - 5 potions of brilliance {unknown}
 u - a potion of poison {unknown}
 v - a potion of resistance {unknown}
 w - a potion of ambrosia {unknown}
 M - a potion of magic {unknown}
Books
 J - a book of Summonings

   Spells                             Type                      Level
   a - Recall                         Summoning/Translocation      3
   b - Aura of Abjuration             Summoning                    5
   c - Shadow Creatures               Summoning                    5
   d - Summon Demon                   Summoning                    5
   e - Summon Forest                  Summoning/Translocation      5
   f - Summon Mana Viper              Hexes/Summoning              5
Miscellaneous
 z - a plain deck of destruction {drawn: 1}
 F - a plain deck of escape {drawn: 1}
 L - a legendary deck of war {drawn: 1}
Comestibles
 d - 4 bread rations
 s - 5 fruits
 N - 4 chunks of flesh
 O - 6 beef jerkies


   Skills:
 + Level 5.2 Fighting
 + Level 7.6 Dodging
 + Level 1.2 Stealth
 + Level 5.2 Shields
 + Level 6.8 Unarmed Combat
 + Level 0.5 Evocations


You had 8 spell levels left.
You didn't know any spells.

Dungeon Overview and Level Annotations

Branches:
Dungeon (7/15)             Temple (1/1) D:5

Altars:
Ashenzari
Dithmenos
Elyvilon
Fedhas
Gozag
Makhleb
Nemelex Xobeh
Ru
Sif Muna
Trog
Vehumet
Xom
Yredelemnul
The Shining One


Innate Abilities, Weirdness & Mutations

You are too large for most types of armour.
You have claws for hands.
Your metabolism is lightning-fast.
You like to eat raw meat.
You heal very quickly.
You are covered in fur (AC +1).
You have very tough skin (AC +2).
You can breathe flames.
You are resistant to electric shocks.
Your spells are a little harder to cast, but a little more powerful.


Message History

You block the killer bee's attack. The killer bee stings you!
* * * LOW HITPOINT WARNING * * *
A sky beast appears from thin air!
Reactivating autopickup.
You feel sick. The killer bee closely misses you. The killer bee stings you!
* * * LOW HITPOINT WARNING * * *
You are more poisoned.
The killer bee poisons you! You block the killer bee's attack.
Okay, then.
Evoke which item? (* to show all) (? for menu, Esc to quit)
You draw a card...
It is the Crusade.
The sky beast is converted.
The killer bee is converted.
You begin to abjure the creatures around you!
The killer bee stings your killer bee! You block the killer bee's attack.
Your killer bee misses the killer bee.
The killer bee barely misses your killer bee.
The killer bee stings you!
You die...
Your body disappears without a glow.

##....##.###.## ###.
#........##...# ##
#.....##......##########
##..#.#..#..............
####<#.###...##########
#.#)# #...# #
#...####.## # ##...# ###
## ##@.# ##. #yy# #..
#y.# #.. ##Y.# #.. #...#
#.. #.#.# ##.. #.#.##
#... #.#..# ######...
#.##.######........


You could see 2 killer bees, a friendly sky beast and a friendly killer bee.

Vanquished Creatures
  2 yaks (D:7)
  Sigmund (D:6)
  Eustachio (D:6)
  Edmund (D:6)
  2 black bears
  A sky beast (D:6)
  7 ogres
  A centaur (D:6)
  2 ice beasts
  The ghost of zkyp the Cutter, an amateur HaAr (D:4)
  A wyvern zombie (D:7)
  A wyvern skeleton (D:6)
  3 scorpions (D:6)
  3 killer bees (D:7)
  A crimson imp (D:7)
  A centaur zombie (D:6)
  A giant frog zombie (D:7)
  A centaur skeleton (D:7)
  An orc priest (D:5)
  A jelly (D:6)
  A giant frog skeleton (D:4)
  3 hounds
  An orc wizard (D:5)
  An iguana (D:6)
  5 worker ants
  3 hound zombies
  9 adders
  4 gnolls (D:5)
  An ooze (D:3)
  2 worms (D:4)
  An adder skeleton (D:4)
  3 giant geckos
  9 orcs
  9 bats
  6 goblins
  10 hobgoblins
  3 jackals (D:1)
  3 quokkas
  5 ball pythons
  A ball python skeleton (D:7)
  5 giant cockroaches
  2 giant gecko skeletons
  3 giant newts
  A jackal skeleton (D:4)
  9 kobolds
  A quokka skeleton (D:4)
  3 rats
  A plant (D:3)
138 creatures vanquished.

Vanquished Creatures (others)
  2 yaks (D:7)
  A necrophage (D:7)
3 creatures vanquished.

Grand Total: 141 creatures vanquished

Notes
Turn   | Place    | Note
--------------------------------------------------------------
     0 | D:1      | kosy22 the Troll Fighter began the quest for the Orb.
     0 | D:1      | Reached XP level 1. HP: 22/22 MP: 0/0
   118 | D:1      | Reached XP level 2. HP: 26/29 MP: 1/1
   882 | D:2      | Reached XP level 3. HP: 36/36 MP: 2/2
  1037 | D:2      | Found a shadowy altar of Dithmenos.
  1208 | D:2      | Reached skill level 3 in Dodging
  1362 | D:2      | Found a faded altar to an unknown god.
  1688 | D:3      | Reached XP level 4. HP: 40/44 MP: 3/3
  1852 | D:3      | Noticed an ice beast
  1873 | D:3      | Killed an ice beast
  1873 | D:3      | Reached XP level 5. HP: 31/53 MP: 4/4
  2460 | D:4      | Noticed zkyp's ghost (amateur HaAr)
  2481 | D:4      | Killed zkyp's ghost
  2481 | D:4      | Reached skill level 4 in Dodging
  2481 | D:4      | Reached XP level 6. HP: 61/61 MP: 5/5
  2780 | D:4      | Noticed an ogre
  2789 | D:4      | Gained mutation: You can breathe flames. [potion of mutation]
  2789 | D:4      | Gained mutation: Your spells are a little harder to cast, but a little more powerful. [potion of mutation]
  2789 | D:4      | Gained mutation: You are resistant to electric shocks. [potion of mutation]
  2793 | D:4      | Killed an ogre
  2833 | D:4      | Noticed an ogre
  2842 | D:4      | Killed an ogre
  2853 | D:4      | Reached XP level 7. HP: 51/67 MP: 6/6
  2973 | D:4      | Found a shimmering altar of Xom.
  3057 | D:4      | Found an opulent altar of Gozag.
  3218 | D:5      | Entered Level 5 of the Dungeon
  3308 | D:5      | Reached skill level 5 in Dodging
  3387 | D:5      | Found a staircase to the Ecumenical Temple.
  3393 | Temple   | Entered the Ecumenical Temple
  3425 | Temple   | Became a worshipper of Nemelex Xobeh the Trickster
  3519 | D:5      | Received a gift from Nemelex Xobeh
  3975 | D:6      | Noticed Sigmund
  3997 | D:6      | Killed Sigmund
  3997 | D:6      | Reached skill level 1 in Stealth
  3997 | D:6      | Reached skill level 5 in Unarmed Combat
  3997 | D:6      | Reached XP level 8. HP: 56/78 MP: 7/7
  4375 | D:6      | Reached * piety under Nemelex Xobeh
  4444 | D:6      | Reached skill level 6 in Dodging
  4459 | D:6      | Noticed Eustachio
  4482 | D:6      | Killed Eustachio
  4598 | D:6      | Noticed Edmund
  4615 | D:6      | Killed Edmund
  4907 | D:6      | Reached XP level 9. HP: 65/85 MP: 8/8
  5038 | D:7      | Received a gift from Nemelex Xobeh
  5136 | D:7      | Reached skill level 7 in Dodging
  5217 | D:7      | Reached ** piety under Nemelex Xobeh
  5306 | D:7      | Reached skill level 5 in Shields
  5340 | D:7      | Reached skill level 5 in Fighting
  5515 | D:7      | Received a gift from Nemelex Xobeh
  5553 | D:7      | Found a glowing golden altar of the Shining One.
  5842 | D:7      | Slain by a killer bee

Action                   |  1- 3 |  4- 6 |  7- 9 || total
-------------------------+-------+-------+-------++-------
Melee: Unarmed           |   115 |   152 |   257 ||   524
       Flail             |       |       |    11 ||    11
 Abil: Breathe Fire      |       |     1 |    10 ||    11
Evoke: Deck              |       |       |     3 ||     3
       Wand              |       |       |     3 ||     3
  Use: Scroll            |     3 |       |     2 ||     5
       Potion            |       |     3 |     2 ||     5
 Stab: Sleeping          |       |     1 |       ||     1
  Eat: Chunk             |    17 |     2 |    24 ||    43
       Bread ration      |       |     2 |     2 ||     4
       Fruit             |       |       |     3 ||     3
